 Dungeon Crawl Stone Soup version 0.28-a0-1038-g9c4cb8273d (webtiles) character file.

Game seed: 7866445630766657338

291 ytrimaz the Insei (level 6, 0/41 HPs)
             Began as an Octopode Transmuter on Dec 8, 2021.
             Slain by an orc priest (7 damage)
             ... on level 3 of the Dungeon.
             The game lasted 00:03:15 (4346 turns).

ytrimaz the Insei (Octopode Transmuter)             Turns: 4346, Time: 00:03:16

Health: 0/41       AC:  2    Str:  9    XL:     6   Next: 32%
Magic:  9/10       EV: 19    Int: 17    God:
Gold:   126        SH:  0    Dex: 18    Spells: 3/11 levels left

rFire   . . .      SeeInvis .     - Unarmed
rCold   . . .      Faith    .   (shield currently unavailable)
rNeg    . . .      Spirit   .   (helmet currently unavailable)
rPois   x          Reflect  .   (no amulet)
rElec   .          Harm     .   f - +4 ring of slaying
rCorr   .          Rampage  .   (no ring)
Will    .....                   (no ring)
Stlth   ++........              (no ring)
HPRegen 0.13/turn               (no ring)
MPRegen 0.12/turn               (no ring)
                                (no ring)
                                (no ring)

@: spider-form (expiring)
A: venomous fangs, almost no armour, (amphibious), 8 rings, tiny, (camouflage
1), (gelatinous body 1), (nimble swimmer 1), (tentacles)
a: End Transformation


You were on level 3 of the Dungeon.
You were a venomous arachnid creature.
You visited 1 branch of the dungeon, and saw 4 of its levels.

You collected 126 gold pieces.

Inventory:

Jewellery
 f - a +4 ring of slaying (left front leg)
Wands
 n - a wand of digging (7)
Scrolls
 d - 2 scrolls of fear
 e - a scroll of magic mapping
 i - a scroll of amnesia {unknown}
 k - 3 scrolls of identify
 l - a scroll of acquirement {unknown}
 m - a scroll of teleportation {unknown}
Potions
 a - a potion of ambrosia {unknown}
 b - 3 potions of degeneration {unknown}
 c - a potion of curing {unknown}
 g - a potion of flight {unknown}
 h - 2 potions of attraction {unknown}
 j - 2 potions of heal wounds {unknown}


   Skills:
 * Level 2.4 Fighting
 - Level 2.0 Dodging
 + Level 5.1 Unarmed Combat
 * Level 3.1 Spellcasting
 * Level 3.2 Transmutations


You had 3 spell levels left.
You knew the following spells:

 Your Spells              Type           Power      Damage    Failure   Level
a - Beastly Appendage     Tmut           26%        N/A       14%         1
b - Spider Form           Tmut/Pois      8%         N/A       47%         3
c - Ice Form              Ice/Tmut       8%         N/A       83%         4

Your spell library contained the following spells:

 Spells                   Type           Power      Damage    Failure   Level
 Wereblood                Tmut           13%        N/A       19%         2
 Freeze                   Ice            8%         1d3       36%         1
 Dazzling Flash           Conj/Hex       4%         N/A       67%         3
 Frozen Ramparts          Ice            4%         1d2       67%         3
 Hailstorm                Conj/Ice       2%         3d3       95%         4
 Iskenderun's Mystic Bla  Conj/Tloc      2%         2d3       95%         4
 Starburst                Conj/Fire      1%         6d3       100%        6


Dungeon Overview and Level Annotations

Branches:
Dungeon (4/15)
 Temple: D:4-7

Altars:
Xom


Innate Abilities, Weirdness & Mutations

You are a venomous arachnid creature.
You have poisonous fangs.
You are tiny and dextrous.
Your spellcasting is less reliable in this form.
Your armour is entirely melded.
You are incapable of wielding weapons or throwing items.
You cannot wear most types of armour.
((You are amphibious.))
You can wear up to eight rings at the same time.
((Your skin changes colour to match your surroundings (Stealth+).))
((Your rubbery body absorbs attacks. (AC +1, EV +1)))
((You are camouflaged near water. (Stealth+)))
((You have tentacles for arms and can constrict up to eight enemies at once.))


Message History

The orc hits you from afar with a +0 trident.
You hit the orc priest.
The orc priest is poisoned.
The orc priest is moderately wounded.
The orc priest barely misses you.
You barely miss the orc priest.
The orc priest is moderately wounded.
The orc closely misses you. The orc priest misses you.
You barely miss the orc priest.
The orc priest is heavily wounded.
Your transformation is almost over.
The orc misses you.
The orc priest invokes the aid of Beogh against you.
Beogh smites you!
You bite the orc priest!
You kill the orc priest!
The orc priest calls down the wrath of Beogh upon you.
Pain shoots through your body! The orc misses you.
Your Unarmed Combat skill increases to level 5!
Unknown command.
You hit something.
The orc hits you from afar with a +0 trident.
Something hits you.
You hit something. The orc misses you. Something hits you but does no damage.
Unknown command.
You barely miss something. The orc completely misses you. Something hits you.
* * * LOW HITPOINT WARNING * * *
You bite something!
Reactivating autopickup.
You feel a bit more experienced.
The orc priest looks encouraged for a moment.
The orc closely misses you.
Unknown command.
The orc priest hits you with a +0 flail.
* * * LOW HITPOINT WARNING * * *
The orc completely misses you.
Items here: )) [[ †.
You hit the orc priest but do no damage.
The orc priest is poisoned.
The orc priest hits you with a +0 flail!
You die...

#.# #.# ### #####.###
#.. ########.......#
#..
#........##....####..
#.##.................
#####
#.###.............
)...# #. #)#
#............. ###.#
#.##s###.......####..
#.# #...oo...##...##
#.. #.#
##...#######.## #..
#.# #....<# #.# ##.
##.## #.....# #.# #.
#...# ##.....### ##'##
#. ##.#)####
#........###.>.## #.
........#
#.##.###.##.....#####.
.##.###.# #.#..#
#.#.......#....


You could see an orc priest (very poisoned) and an orc.

Vanquished Creatures
  A phantom (D:4)
  An orc priest (D:3)
  A centaur skeleton (D:4)
  Natasha (D:4)
  An orc wizard (D:3)
  3 adders (D:2)
  A worm (D:3)
  3 dart slugs
  3 orcs
  6 ball pythons
  A bat (D:2)
  3 endoplasms
  8 giant cockroaches
  8 goblins
  5 hobgoblins
  4 jackals
  3 quokkas
  3 frilled lizards
  8 kobolds
  4 rats
68 creatures vanquished.

Notes
Turn   | Place    | Note
-------+----------+-------------------------------------------
     0 | D:1      | ytrimaz the Octopode Transmuter began the quest for the
                  | Orb.
     0 | D:1      | Reached XP level 1. HP: 13/13 MP: 3/3
   108 | D:1      | Reached XP level 2. HP: 11/18 MP: 5/5
   607 | D:1      | You fall into a shaft and drop 1 floor!
   628 | D:2      | Reached XP level 3. HP: 5/23 MP: 6/6
   632 | D:2      | HP: 1/23 [poisoned by an adder]
  1461 | D:1      | Learned a level 3 spell: Spider Form
  1622 | D:1      | Reached XP level 4. HP: 28/29 MP: 7/7
  1734 | D:2      | Found a faded altar of an unknown god.
  1991 | D:2      | Learned a level 4 spell: Ice Form
  2028 | D:2      | Reached skill level 4 in Unarmed Combat
  2748 | D:3      | Found a shimmering altar of Xom.
  3334 | D:4      | Noticed a phantom
  3763 | D:4      | Killed a phantom
  3764 | D:4      | Reached XP level 5. HP: 30/34 MP: 7/9
  4027 | D:4      | Noticed Natasha
  4038 | D:4      | Killed Natasha
  4114 | D:4      | Reached XP level 6. HP: 31/40 MP: 10/10
  4341 | D:3      | Reached skill level 5 in Unarmed Combat
  4346 | D:3      | Slain by an orc priest

Illustrated notes

Levels and vault maps discovered:
D:1:      saegor_arrival_simple_d, layout_rooms
D:2:      layout_rooms, hellmonk_ecumenical_altar_arch_garden
D:3:      layout_loops_corners, xom_teletrap_fun
D:4:      layout_loops_corners, uniq_natasha

Skill      XL: |  1  2  3  4  5  6 |
---------------+-------------------+-----
Unarmed Combat | 4 5 |  5.1
Fighting       | 2 |  2.4
Spellcasting   | 3 |  3.1
Transmutations | 3 |  3.2
Dodging        | |  2.0

Action                   |  1- 3 |  4- 6 || total
-------------------------+-------+-------++-------
Melee: Unarmed           |    60 |   113 ||   173
       Constrict         |    16 |    26 ||    42
       Tentacles         |     7 |    12 ||    19
       Punch             |     2 |     2 ||     4
       Kick              |     4 |     4 ||     8
 Cast: Beastly Appendage |     5 |     6 ||    11
       Spider Form       |       |     1 ||     1
  Use: Scroll            |     2 |     3 ||     5
 Stab: Sleeping          |     4 |     9 ||    13
Armor: Skin              |     2 |     9 ||    11
Dodge: Dodged            |    44 |    58 ||   102

Table legend: (Time is in decaauts)
 A = Elapsed time spent in this place.
 B = Non-inter-level travel time spent in this place.
 C = Inter-level travel time spent in this place.
 D = Time resting spent in this place.
 E = Time spent auto-exploring this place.
 F = Levels seen in this place.
 G = Mean time per level.
                   A        B        C        D        E       F      G
               +--------+--------+--------+--------+--------+-----+--------+
         Total |   4333 |   4263 |     70 |    472 |   3251 |   4 | 1083.2 |
       Dungeon |   4333 |   4263 |     70 |    472 |   3251 |   4 | 1083.2 |
               +--------+--------+--------+--------+--------+-----+--------+

Top non-repeatable levels by time:
     D:2: 1259 daAuts
     D:1: 1068 daAuts
     D:4: 1018 daAuts
     D:3: 987 daAuts
